 Dungeon Crawl Stone Soup version 0.29-a0-414-g5075937ec3 (webtiles) character file.

Game seed: 830785020319203842

58 purpskrrrp the Sneak (level 3, -5/36 HPs)
             Began as a Troll Delver on May 15, 2022.
             Slain by an iguana (7 damage)
             ... on level 5 of the Dungeon.
             The game lasted 00:01:39 (92 turns).

purpskrrrp the Sneak (Troll Delver)                   Turns: 92, Time: 00:01:40

Health: -5/36      AC:  4    Str: 22    XL:     3   Next: 76%
Magic:  2/2        EV:  9    Int:  6    God:
Gold:   0          SH:  0    Dex: 11    Spells: 2/2 levels left

rFire   . . .      SeeInvis .   a - +0 falchion (vorpal)
rCold   . . .      Faith    .   (no shield)
rNeg    . . .      Spirit   .   b - +0 robe
rPois   .          Reflect  .   (helmet restricted)
rElec   .          Harm     .   (no cloak)
rCorr   .          Rampage  .   (gloves unavailable)
Will    .....                   (boots unavailable)
Stlth   ++........              (no amulet)
HPRegen 0.92/turn               (no ring)
MPRegen 0.08/turn               (no ring)

@: no status effects
A: large, unfitting armour, claws 3, regeneration 1, shaggy fur 1, tough skin 1
a: no special abilities


You were on level 5 of the Dungeon.
You visited 1 branch of the dungeon, and saw 1 of its levels.

Inventory:

Hand Weapons
 a - a +0 vorpal falchion (weapon)
Armour
 b - a +0 robe (worn)
Wands
 g - a wand of digging (3)
Scrolls
 c - a scroll of fog
 d - a scroll of magic mapping
 e - a scroll of fear


   Skills:
 + Level 2.7 Fighting
 + Level 2.0 Long Blades
 + Level 1.6 Dodging
 + Level 3.3 Stealth


You had 2 spell levels left.
You didn't know any spells.
Your spell library was empty.

Dungeon Overview and Level Annotations

Branches:
Dungeon (5/15)
 Temple: D:4-7

Altars:


Innate Abilities, Weirdness & Mutations

You are too large for most types of armour.
You have claws for hands.
Your natural rate of healing is unusually fast.
You are covered in fur. (AC +1)
You have tough skin. (AC +1)


Message History

An iguana comes into view.
Found 7 gold pieces.
You see here a pink potion.
The iguana hisses angrily.
The hound barely misses you.
You hit the hound but do no damage. The hound bites you but does no damage.
The hound closely misses you.
You hit the hound.
The hound is moderately wounded.
The hound bites you.
You miss the hound.
The hound is moderately wounded.
The hound barely misses you. x2
You hit the hound.
The hound is moderately wounded.
The hound bites you but does no damage. x2; The iguana bites you.
You closely miss the hound.
The hound is moderately wounded.
The hound bites you but does no damage. The iguana bites you!
The hound bites you but does no damage.
You hit the hound but do no damage.
The hound is moderately wounded.
The hound bites you but does no damage. The iguana bites you!
* * * LOW HITPOINT WARNING * * *
The hound bites you but does no damage.
You miss the hound.
The hound is moderately wounded.
The hound bites you.
* * * LOW HITPOINT WARNING * * *
The iguana bites you.
* * * LOW HITPOINT WARNING * * *
You hit the hound but do no damage.
The hound is moderately wounded.
The hound bites you but does no damage. The iguana closely misses you.
The hound bites you.
* * * LOW HITPOINT WARNING * * *
You barely miss the hound.
The hound is moderately wounded.
The hound closely misses you. The iguana bites you!
You die...

#.........................
#....................†..
##......................
####......####...........
#.......### #............
.........# ##............
###..#...# ##............#
#..#..h###.............#
#. #...@##.....†.......#
#. ##..l##............##
#...###..........## #...#
###........# ##...
###.....## #... ###.###
#..$# ### ##...


You could see an iguana and a hound.

Vanquished Creatures
  A hound (D:5)
  An iguana (D:5)
  A quokka (D:5)
3 creatures vanquished.

Notes
Turn   | Place    | Note
-------+----------+-------------------------------------------
     0 | D:5      | purpskrrrp the Troll Delver began the quest for the Orb.
     0 | D:5      | Reached XP level 1. HP: 22/22 MP: 0/0
     1 | D:5      | Noticed an iguana
     9 | D:5      | Noticed a hound
    16 | D:5      | Killed a hound
    17 | D:5      | Reached skill level 3 in Stealth
    17 | D:5      | Reached XP level 2. HP: 25/29 MP: 1/1
    17 | D:5      | Reached XP level 3. HP: 31/36 MP: 2/2
    90 | D:5      | HP: 1/36 [iguana (3)]
    92 | D:5      | Slain by an iguana

Illustrated notes

Levels and vault maps discovered:
D:5:      layout_cave_pods, elyvilon_altar_1, minmay_temple_entry_waves

Skill      XL: |  1  2  3 |
---------------+----------+-----
Stealth        | 3 |  3.3
Long Blades    | 2 |  2.0
Fighting       | |  2.7
Dodging        | |  1.6

Action                   || total
-------------------------++-------
Melee: Falchion          ||    21
  Use: Scroll            ||     1
       Potion            ||     1
Armor: Robe              ||    10
Dodge: Dodged            ||    10

Table legend: (Time is in decaauts)
 A = Elapsed time spent in this place.
 B = Non-inter-level travel time spent in this place.
 C = Inter-level travel time spent in this place.
 D = Time resting spent in this place.
 E = Time spent auto-exploring this place.
 F = Levels seen in this place.
 G = Mean time per level.
                   A        B        C        D        E       F      G
               +--------+--------+--------+--------+--------+-----+--------+
         Total |     76 |     72 |      4 |      0 |     24 |   1 |   76.0 |
       Dungeon |     76 |     72 |      4 |      0 |     24 |   1 |   76.0 |
               +--------+--------+--------+--------+--------+-----+--------+

Top non-repeatable levels by time:
     D:5: 76 daAuts
